 Dungeon Crawl Stone Soup version 0.28.0 (webtiles) character file.

Game seed: 12158316351796752009

27 Buxparty the Firebug (level 2, -5/20 HPs)
             Began as a Demigod Fire Elementalist on Feb 5, 2022.
             Slain by Terence (9 damage)
             ... on level 1 of the Dungeon.
             The game lasted 00:04:27 (1050 turns).

Buxparty the Firebug (Demigod Fire Elementalist)    Turns: 1050, Time: 00:04:27

Health: -5/20      AC:  3    Str:  9    XL:     2   Next: 72%
Magic:  1/7        EV: 12    Int: 17    God:
Gold:   45         SH:  0    Dex: 14    Spells: 2/5 levels left

rFire   . . .      SeeInvis .   c - +2 dagger (venom)
rCold   . . .      Faith    .   (no shield)
rNeg    . . .      Spirit   .   a - +0 robe
rPois   .          Reflect  .   (no helmet)
rElec   .          Harm     .   d - +0 cloak
rCorr   .          Rampage  .   (no gloves)
Will    .....                   (no boots)
Stlth   ++........              (no amulet)
HPRegen 0.06/turn               (no ring)
MPRegen 0.10/turn               (no ring)

@: no status effects
A: high MP 1, forlorn, divine attributes
a: no special abilities


You were on level 1 of the Dungeon.
You visited 1 branch of the dungeon, and saw 2 of its levels.

You collected 45 gold pieces.

Inventory:

Hand Weapons
 c - a +2 dagger of venom (weapon)
Armour
 a - a +0 robe (worn)
 d - a +0 cloak (worn)
Potions
 b - a potion of mutation {unknown}


   Skills:
 - Level 1.7 Dodging
 - Level 1.7 Stealth
 + Level 2.2 Spellcasting
 + Level 1.6 Conjurations
 + Level 3.1 Fire Magic


You had 2 spell levels left.
You knew the following spells:

 Your Spells              Type           Power      Damage    Failure   Level
a - Foxfire               Conj/Fire      40%        2x1d6     7%          1
b - Scorch                Fire           24%        2d6       9%          2

Your spell library contained the following spells:

 Spells                   Type           Power      Damage    Failure   Level
 Conjure Flame            Conj/Fire      10%        6-21      22%         3
 Inner Flame              Hex/Fire       7%         N/A       30%         3
 Flame Wave               Conj/Fire      10%        2d5       56%         4
 Cause Fear               Hex            0%         N/A       88%         4
 Discord                  Hex            0%         N/A       100%        8


Dungeon Overview and Level Annotations

Branches:
Dungeon (2/15)

Shops:
D:1 !=:(

Annotations:
D:1 Terence


Innate Abilities, Weirdness & Mutations

You have an increased reservoir of magic. (+10% MP)
You shall have no god before yourself.
Your divine heritage dramatically boosts your attributes as you level up.


Message History

Casting: Scorch (safe; 9% risk of failure)
Confirm with . or Enter, or press ? or * to list all spells.
Flames lash Terence.
Terence is severely wounded.
Terence hits you with a +0 mace!
* * * LOW HITPOINT WARNING * * *
Casting: Scorch (safe; 9% risk of failure)
Confirm with . or Enter, or press ? or * to list all spells.
Flames lash Terence but do no damage.
Terence hits you with a +0 mace.
* * * LOW HITPOINT WARNING * * *
Casting: Scorch (safe; 9% risk of failure)
Confirm with . or Enter, or press ? or * to list all spells.
You don't have enough magic to cast this spell.
Casting: Scorch (safe; 9% risk of failure)
Confirm with . or Enter, or press ? or * to list all spells.
You don't have enough magic to cast this spell.
Casting: Scorch (safe; 9% risk of failure)
Confirm with . or Enter, or press ? or * to list all spells.
You don't have enough magic to cast this spell.
Casting: Scorch (safe; 9% risk of failure)
Confirm with . or Enter, or press ? or * to list all spells.
You don't have enough magic to cast this spell.
Casting: Scorch (safe; 9% risk of failure)
Confirm with . or Enter, or press ? or * to list all spells.
You don't have enough magic to cast this spell.
A giant cockroach comes into view.
There is an escape hatch in the ceiling here.
Terence says, "Rest in peace."
Terence closely misses you. A mysterious force pulls you upwards.
The hatch slams shut behind you.
Terence is no longer more vulnerable to fire.
You see here 23 arrows.
Casting: Scorch (safe; 9% risk of failure)
Confirm with . or Enter, or press ? or * to list all spells.
Flames lash Terence.
Terence resists.
Terence is severely wounded.
Terence's fire resistance burns away.
Terence is no longer more vulnerable to fire.
Terence hits you with a +0 mace!
You die...

.8##.##.# #.#######.[######..#
⌠....>..# #.#..........#......
.8.###..######.#.##.#####.#.##).#
#..# #.........)..#.# #.#.##..#
#..###...(.......>#.# #...##...
#..)..[#######.##.#.# #.##...#.
...#.### #.##.#.#####.##.#...
##.#.# #.##.........##.####
##.#.#### #.@@......#####.#
##.##...## ####[...### #.#
...#.....## #.#.## #.####
.##.......#### #.#.# #.....
.##...∩......# #.#.## ######
(##.....).##.# #....#
.###.)...###.####.#.## ##### .#
##...## #......#.# #...### .#
##.## #..#####.# #......


You could see Terence.

Vanquished Creatures
  A dart slug (D:1)
  2 bats (D:1)
  An endoplasm (D:1)
  3 giant cockroaches (D:1)
  4 goblins (D:1)
  A hobgoblin (D:1)
  2 quokkas (D:1)
  2 ball pythons (D:1)
  A frilled lizard (D:1)
  4 kobolds (D:1)
  A rat (D:1)
22 creatures vanquished.

Vanquished Creatures (others)
  54 foxfires (D:1)
54 creatures vanquished.

Grand Total: 76 creatures vanquished

Notes
Turn   | Place    | Note
-------+----------+-------------------------------------------
     0 | D:1      | Buxparty the Demigod Fire Elementalist began the quest for
                  | the Orb.
     0 | D:1      | Reached XP level 1. HP: 14/14 MP: 5/5
    66 | D:1      | Reached skill level 1 in Conjurations
   260 | D:1      | Found Toligo Ocsem's Weapon Shop.
   268 | D:1      | Reached XP level 2. HP: 20/20 MP: 4/7
   322 | D:1      | Found Ceonni's Jewellery Shoppe.
   376 | D:1      | Reached skill level 3 in Fire Magic
   418 | D:1      | Found Alatz's Distillery.
   450 | D:1      | Found Wiamirip's Book Shop.
   636 | D:1      | Learned a level 2 spell: Scorch
  1021 | D:2      | Noticed Terence
  1050 | D:1      | Slain by Terence

Illustrated notes

Levels and vault maps discovered:
D:1:      minmay_arrival_stair_chambers, layout_loops_ring,
          shapermc_ecumenical_altar_ellora, serial_shops, shop_statue, shop,
          nicolae_shop_temple_entry_statues_fountains,
          nicolae_shop_bloodbath_and_beyond, chequers_serial_rivers_micro_c
D:2:      layout_rooms, grunt_ministairs_13, uniq_crazy_yiuf_cottage,
          uniq_terence

Skill      XL: |  1  2 |
---------------+-------+-----
Conjurations   | 1 |  1.6
Spellcasting   | 2 |  2.2
Fire Magic     | 3 |  3.1
Dodging        | |  1.7
Stealth        | |  1.7

Action                   || total
-------------------------++-------
Melee: Unarmed           ||     6
       Dagger            ||     1
 Cast: Foxfire           ||    33
       Scorch            ||     8
Armor: Robe              ||     2
Dodge: Dodged            ||     9
